 Dungeon Crawl Stone Soup version 0.19-a0-1908-g43c011f (webtiles) character file.

265170 Lochraine the Fencer (level 19, -3/172 HPs)
             Began as a Minotaur Monk on Oct 22, 2016.
             Was the Champion of Okawaru.
             Killed from afar by a Hell Sentinel (33 damage)
             ... with damnation
             ... on level 2 of the Abyss on Oct 23, 2016.
             The game lasted 03:52:50 (38484 turns).

Lochraine the Fencer (Minotaur Monk)               Turns: 38484, Time: 03:52:50

Health: -3/172     AC: 30    Str: 23    XL:     19   Next: 29%
Magic:  0/26       EV: 26    Int:  6    God:    Okawaru [******]
Gold:   488        SH: 18    Dex: 12    Spells: 0 memorised, 18 levels left

rFire  + . .     SeeInvis .     X - +6 quick blade (elec)
rCold  + + +     Gourm    .     h - +7 Kryia's mail coat {DeviceHeal*2 rC+}
rNeg   + . .     Faith    .     C - +2 shield {reflect}
rPois  +         Spirit   +     o - +0 hat
rElec  +         Reflect  +     x - +2 cloak
rCorr  .         Harm     .     g - +2 pair of gloves {Str+3}
MR     +....                    R - +2 pair of boots
Stlth  ++........               V - amulet of Loph {Spirit rPois rC++ rN+ Int-4}
                                Y - ring "Docko" {rElec rF+ Int+2 Dex-4}
                                r - +5 ring of evasion

@: about to teleport, heroism
A: retaliatory headbutt, horns 2, blurry vision 1, cold resistance 1, MP-powered
wands
a: Heroism, Finesse, Renounce Religion
}: 2/15 runes: serpentine, barnacled


You were on level 2 of the Abyss.
You worshipped Okawaru.
Okawaru was exalted by your worship.
You were not hungry.

You visited 7 branches of the dungeon, and saw 33 of its levels.
You visited the Abyss 2 times.
You also visited: Sewer.

You collected 3308 gold pieces.
You spent 2820 gold pieces at shops.

Inventory:

Hand Weapons
 a - the +7 falchion "Cais" {drain, +Blink rF+ Int-5}
   (You found it on level 4 of the Dungeon)

   A truly terrible weapon, it drains the life of those it strikes.
   It affects your intelligence (-5).
   It protects you from fire.
   It lets you blink.
 j - a +3 great sword of flaming
 U - a +1 demon blade of flaming
 X - a +6 quick blade of electrocution (weapon)
Armour
 g - a +2 pair of gloves of strength (worn)
 h - the +7 Kryia's mail coat (worn) {DeviceHeal*2 rC+}
   (Okawaru gifted it to you on level 8 of the Dungeon)

   It protects you from cold.
 o - a +0 hat (worn)
 x - a +2 cloak (worn)
 C - a +2 shield of reflection (worn)
 R - a +2 pair of boots (worn)
Jewellery
 l - an uncursed ring of flight
 r - a +5 ring of evasion (left hand)
 v - an uncursed ring of protection from fire
 V - the amulet of Loph (around neck) {Spirit rPois rC++ rN+ Int-4}
   (You bought it in a shop on level 2 of the Orcish Mines)

   [amulet of guardian spirit]

   It causes incoming damage to be split between your health and magic.
   It affects your intelligence (-4).
   It greatly protects you from cold.
   It protects you from poison.
   It protects you from negative energy.
 Y - the ring "Docko" (right hand) {rElec rF+ Int+2 Dex-4}
   (You bought it in a shop on level 6 of the Dungeon)

   [ring of protection from fire]

   It affects your intelligence (+2).
   It affects your dexterity (-4).
   It protects you from fire.
   It insulates you from electricity.
Wands
 f - a wand of confusion (24/48)
 s - a wand of digging (10/24)
 t - a wand of disintegration (11/24)
 B - a wand of acid (10/15)
 F - a wand of paralysis (15/24)
 N - a wand of heal wounds (2/9)
 Q - a wand of paralysis (6/24)
 S - a wand of confusion (28/48)
Scrolls
 d - 3 scrolls of identify
 e - 10 scrolls of remove curse
 k - 12 scrolls of teleportation
 w - 2 scrolls of immolation
 y - a scroll of amnesia
 J - 3 scrolls of recharging
 K - 2 scrolls of summoning
 O - 7 scrolls of blinking
 P - 3 scrolls of magic mapping
 Z - 3 scrolls of fear
Potions
 i - a potion of agility
 m - 7 potions of flight
 p - 2 potions of ambrosia
 q - 5 potions of curing
 u - a potion of cancellation
 z - 4 potions of brilliance
 A - a potion of haste
 L - 3 potions of invisibility
 M - 2 potions of magic
Miscellaneous
 E - a phial of floods
 T - a lamp of fire
 W - a disc of storms
Comestibles
 b - 2 beef jerkies
 c - 10 bread rations
 n - 12 meat rations
 D - 26 fruits
 G - 2 chunks of flesh
 H - 2 royal jellies


   Skills:
 - Level 16.1(21.1) Fighting
 - Level 19.5(24.5) Long Blades
   Level 5.9(10.9) Maces & Flails
   Level 4.8(9.8) Crossbows
 + Level 16.2(21.2) Armour
 - Level 14.1(19.1) Dodging
 - Level 1.7(6.7) Stealth
 - Level 15.1(20.1) Shields
 - Level 10.0 Invocations
 - Level 11.2 Evocations


You had 18 spell levels left.
You didn't know any spells.

Dungeon Overview and Level Annotations

Branches:
Dungeon (15/15)            Temple (1/1) D:5            Lair (6/6) D:10
 Shoals (4/4) Lair:3        Snake (4/4) Lair:2        Slime (0/5) Lair:5
    Orc (2/2) D:9             Elf (0/3) Orc:2        Vaults (1/5) D:13
 Depths (0/5) D:15

Altars:
Ashenzari
Cheibriados
Dithmenos
Elyvilon
Fedhas
Gozag
Hepliaklqana
Kikubaaqudgha
Makhleb
Nemelex Xobeh
Okawaru
Qazlal
Ru
Sif Muna
Trog
Uskayaw
Vehumet
Xom
Yredelemnul
Zin
The Shining One
Beogh

Shops:
D:6 *=?   D:9 [   D:10 (   D:12 ?   D:13 }   Orc:2 =[![   Shoals:3 (?
Snake:1 =*!%

Portals:
Hell: Lair:6


Innate Abilities, Weirdness & Mutations

You reflexively headbutt those who attack you in melee.
You have a pair of horns on your head.
Your flesh is cold resistant. (rC+)
[Scrolls take you a little longer to read.]
[You expend magic power (3 MP) to strengthen your wands.]


Message History

Press: ? - help, v - describe, . - travel
Here: a wretched star The floor.
Really read with blurry vision while enemies are nearby?
You begin reading the scroll.
You continue reading the scroll.
You block the Hell Sentinel's attack.
The Hell Sentinel hits you but does no damage.
As you read the scroll of teleportation, it crumbles to dust.
You feel strangely unstable.
You feel the power of the Abyss delaying your translocation!
The wretched star glows turbulently.
The orb of energy hits you!
The wretched star pulses with an eldritch light!
You feel your magical essence link to your wands.
The Hell Sentinel gestures at you.
The sphere of damnation explodes!
The damnation engulfs you!
* * * LOW HITPOINT WARNING * * *
The Hell Sentinel gestures at you.
The sphere of damnation explodes!
The damnation engulfs you!
You die...

#1# ..# #.## ..#
###.##.# #
##§1#§###.. .#
##........#
#.###.#...#*##.##
.##.
#.#..#§..#.##§...
.. ...#.##§.#...#
#.#.. ###@##.# .
#. .#.##.... #.
..#.. ...#..#...
# ##..... .# .#
.. # .###..# .##
... . .#.§. # .
.# .....# # ### .
. .. ##...##. #
.. # # . # #
...#. # .#


You could see a Hell Sentinel and a wretched star.

Vanquished Creatures
  Vashnia (Snake:4)
  A bone dragon (Abyss:2)
  Rupert (D:13)
  Asterion (Vaults:1)
  2 tentacled starspawn (Abyss:2)
  Agnes (Snake:2)
  The ghost of Nuatha the Fencer, an adept DrGl of Trog (Shoals:4)
  6 nagarajas (Snake:4)
  2 vault wardens (Vaults:1)
  An orc warlord (Orc:2)
  Aizul (Vaults:1)
  4 ironheart preservers (Vaults:1)
  A stone giant (Vaults:1)
  2 dire elephants (Lair:6)
  4 merfolk javelineers (Shoals:4)
  13 merfolk impalers
  Josephine (Snake:1)
  A yaktaur captain (Vaults:1)
  The ghost of CcS the Severer, a journeyman MiBe of Trog (Lair:2)
  Harold (D:12)
  3 ogre magi (Vaults:1)
  3 hydras
  A rakshasa (Vaults:1)
  21 naga warriors
  2 vault guards
  11 anacondas
  4 centaur warriors
  Erica (D:10)
  A satyr (Shoals:2)
  The ghost of p0werm0de the Octopoid Aeon, a journeyman OpMo of Cheibriados (Orc:1)
  2 merfolk avatars
  6 merfolk aquamancers
  2 alligator snapping turtles
  6 orc high priests
  A tengu warrior (D:13)
  Sonja (Lair:2)
  The ghost of Philosophy the Archer, a novice CeHu of Okawaru (D:12)
  19 naga sharpshooters
  A wretched star (Abyss:2)
  10 shock serpents
  A deep elf knight (Vaults:1)
  A sixfirhy (Lair:6)
  6 unseen horrors
  12 sea snakes
  3 wizards
  A glowing orange brain (Vaults:1)
  10 naga ritualists
  8 hill giants
  3 large abominations (Abyss:2)
  3 ironbrand convokers (Vaults:1)
  5 deep elf magi
  A necromancer (D:15)
  12 orc knights
  10 harpies
  7 mana vipers
  A wolf spider (Vaults:1)
  19 manticores
  8 fauns
  2 orc sorcerers
  5 cyclopes
  9 salamanders
  3 ugly things (D:13)
  9 sirens
  A torpor snail (Lair:2)
  4 elephants
  30 naga magi
  Maurice (D:8)
  11 water nymphs
  An orange demon (Lair:6)
  36 black mambas
  A rust devil (Abyss:2)
  7 centaur skeletons
  5 guardian serpents
  4 vault sentinels (Vaults:1)
  13 spiny frogs
  3 kobold demonologists
  7 komodo dragons
  10 yaktaurs (Vaults:1)
  A freezing wraith (D:13)
  An efreet (D:15)
  A rime drake (Lair:4)
  An ancient zyme (Abyss:2)
  4 ice devils (Lair:6)
  A tengu conjurer (D:13)
  30 merfolk
  3 trolls
  8 two-headed ogres
  A queen bee (D:8)
  A polar bear (Lair:3)
  3 wind drakes
  A red devil (Lair:6)
  A hornet (Vaults:1)
  19 blink frogs
  15 dream sheep
  A two-headed ogre (shapeshifter) (Vaults:1)
  A blink frog (shapeshifter) (Vaults:1)
  5 raiju (Abyss:2)
  14 snapping turtles
  8 slime creatures
  23 hippogriffs
  3 shadows
  15 water elementals
  7 yaks
  2 vampires
  A ynoxinul (Abyss:2)
  6 wraiths
  4 basilisks
  5 hungry ghosts
  2 neqoxecs (Abyss:2)
  5 vampire mosquitoes
  A mottled dragon (D:13)
  4 small abominations (Abyss:2)
  2 wargs
  6 hell hounds
  51 nagas
  11 porcupines
  Duvessa (D:4)
  39 orc warriors
  11 water moccasins
  7 ice beasts
  An ettin simulacrum (Vaults:1)
  A sky beast (D:15)
  4 phantoms
  The ghost of Soeti the Sneak, an amateur NaAs (D:3)
  A black bear (D:6)
  A boggart (Vaults:1)
  4 wolves (Lair:2)
  23 ogres
  10 centaurs
  9 crocodiles
  A big kobold (shapeshifter) (Vaults:1)
  8 big kobolds
  15 bullfrogs
  Blork the orc (D:5)
  A wyvern zombie (D:11)
  2 gnoll sergeants
  A water moccasin zombie (D:10)
  A wyvern skeleton (D:9)
  Dowan (D:4)
  6 scorpions
  2 water moccasin skeletons
  27 killer bees
  A troll zombie (D:9)
  5 wights (D:12)
  2 howler monkeys
  An electric eel (D:11)
  6 crimson imps
  2 centaur zombies
  2 lava snakes (D:12)
  2 bullfrog zombies
  A quasit (Abyss:2)
  7 jellies
  19 orc priests
  3 bullfrog skeletons
  8 hounds
  23 orc wizards
  3 iguanas
  9 worker ants
  7 ogre zombies (D:9)
  2 hound skeletons
  2 worker ant zombies
  22 adders
  5 gnolls
  A river rat (Sewer)
  7 shadow imps
  2 oozes
  An adder skeleton (D:6)
  2 worms
  3 dart slugs
  7 leopard geckos
  80 orcs
  A ball python (Lair:2)
  14 bats
  7 giant cockroaches
  6 goblins
  10 hobgoblins
  2 jackals (Sewer)
  8 quokkas
  6 frilled lizards
  2 goblin skeletons (D:9)
  4 hobgoblin skeletons (D:9)
  4 hobgoblin zombies (D:9)
  31 kobolds
  2 leopard gecko skeletons
  A leopard gecko zombie (D:5)
  4 orc skeletons (D:9)
  11 orc zombies (D:9)
  22 rats
  A lurking horror (Abyss:2)
1234 creatures vanquished.

Vanquished Creatures (collateral kills)
  A storm dragon (D:12)
  Donald (Shoals:1)
  Ilsuiw (Shoals:4)
  Louise (Shoals:1)
  An alligator snapping turtle (Shoals:4)
  A naga sharpshooter (Snake:4)
  A sun demon (Lair:6)
  A wizard (D:14)
  A harpy (Shoals:4)
  An orange demon (Lair:6)
  A red devil (Lair:6)
  A hellwing (Lair:6)
  A merfolk (Shoals:4)
  A raiju (Abyss:2)
  A hippogriff (Shoals:1)
  An ice beast (D:14)
  A bullfrog zombie (D:12)
  A white imp (Abyss:2)
  An orc (Orc:2)
19 creatures vanquished.

Vanquished Creatures (others)
  A merfolk javelineer (Shoals:2)
  A naga warrior (Snake:4)
  3 satyrs
  4 naga sharpshooters
  A faun (Shoals:2)
  A yaktaur (Shoals:3)
  A centaur (Shoals:2)
  A demonic plant (Abyss:2)
  8 fungi
  8 plants
  3 starspawn tentacles (Abyss:2)
  16 tentacles (Shoals:4)
48 creatures vanquished.

Grand Total: 1301 creatures vanquished

Notes
Turn   | Place    | Note
-------+----------+-------------------------------------------
     0 | D:1      | Lochraine the Minotaur Monk began the quest for the Orb.
     0 | D:1      | Reached XP level 1. HP: 19/19 MP: 0/0
   125 | D:1      | Reached XP level 2. HP: 19/27 MP: 1/1
   926 | D:2      | Reached XP level 3. HP: 24/33 MP: 2/2
  1499 | D:2      | Reached skill level 1 in Armour
  2116 | D:3      | Reached XP level 4. HP: 39/40 MP: 3/3
  2313 | D:3      | Noticed Soeti's ghost (amateur NaAs)
  2688 | D:3      | Reached XP level 5. HP: 38/47 MP: 4/4
  2741 | D:3      | Reached skill level 5 in Maces & Flails
  3152 | D:4      | Reached skill level 5 in Fighting
  3152 | D:4      | Reached XP level 6. HP: 35/56 MP: 5/5
  3362 | D:4      | Reached skill level 5 in Dodging
  3520 | D:4      | Noticed Duvessa
  3520 | D:4      | Noticed Dowan
  3585 | D:4      | Got a bloodstained falchion
  3586 | D:4      | Identified the +7 falchion "Cais" {drain, +Blink rF+ Int-5} (You found it on level 4 of the Dungeon)
  3719 | D:5      | Entered Level 5 of the Dungeon
  3726 | D:5      | Reached skill level 1 in Evocations
  3757 | D:5      | Found a staircase to the Ecumenical Temple.
  3768 | Temple   | Entered the Ecumenical Temple
  3866 | Temple   | Became a worshipper of Warmaster Okawaru
  3866 | Temple   | Reached * piety under Okawaru
  3866 | Temple   | Reached ** piety under Okawaru
  3939 | D:5      | Reached XP level 7. HP: 24/61 MP: 5/7
  4161 | D:5      | Reached skill level 1 in Long Blades
  4213 | D:5      | Reached skill level 2 in Long Blades
  4277 | D:5      | Noticed Blork the orc
  4291 | D:5      | Killed Blork the orc
  4291 | D:5      | Reached skill level 3 in Long Blades
  4980 | D:5      | Reached skill level 4 in Long Blades
  5057 | D:4      | Killed Duvessa
  5057 | D:4      | Reached *** piety under Okawaru
  5057 | D:4      | Reached XP level 8. HP: 63/68 MP: 7/10
  5061 | D:4      | Killed Dowan
  5061 | D:4      | Reached skill level 5 in Long Blades
  5142 | D:3      | Killed Soeti's ghost
  5434 | D:6      | Found a glowing drain.
  5435 | D:6      | Found Vontaez's Jewellery Boutique.
  5472 | Sewer    | Entered a sewer
  5536 | Sewer    | Reached skill level 5 in Evocations
  5588 | Sewer    | Found a glowing silver altar of Zin.
  5659 | D:6      | Found Hutiunats's Magic Scroll Boutique.
  5661 | D:6      | Bought a scroll of teleportation for 36 gold pieces
  5661 | D:6      | Bought a scroll of identify for 24 gold pieces
  5661 | D:6      | Bought 3 scrolls of identify for 72 gold pieces
  5661 | D:6      | Bought a scroll of remove curse for 36 gold pieces
  5749 | D:6      | Reached skill level 6 in Long Blades
  5781 | D:6      | Found a shattered altar of Ashenzari.
  5781 | D:6      | Found a bloodstained altar of Trog.
  5930 | D:6      | Found a sacrificial altar of Ru.
  5989 | D:6      | Found Rutsysh's Assorted Antiques.
  5999 | D:6      | Bought an inky potion for 17 gold pieces
  5999 | D:6      | Bought a scroll labeled GAISHA XOCW for 19 gold pieces
  5999 | D:6      | Bought an amethyst potion for 17 gold pieces
  5999 | D:6      | Bought a scroll labeled CEUFYOBBUF for 19 gold pieces
  6110 | D:6      | Reached **** piety under Okawaru
  6170 | D:6      | Reached skill level 7 in Long Blades
  6522 | D:7      | Reached XP level 9. HP: 74/74 MP: 12/12
  6571 | D:7      | Reached skill level 8 in Long Blades
  7024 | D:8      | Reached skill level 9 in Long Blades
  7070 | D:8      | Reached ***** piety under Okawaru
  7672 | D:8      | Reached XP level 10. HP: 69/81 MP: 15/15
  7675 | D:8      | Reached skill level 1 in Invocations
  7951 | D:8      | Reached skill level 10 in Long Blades
  8077 | D:8      | Noticed Maurice
  8090 | D:8      | Killed Maurice
  8090 | D:8      | Received a gift from Okawaru
  8409 | D:9      | Found Tiret's Antique Armour Emporium.
  8441 | D:9      | Got a twisted robe
  8450 | D:9      | Identified the cursed +0 robe of Tartarus {+Inv} (You found it on level 9 of the Dungeon)
  8770 | D:9      | Found a staircase to the Orcish Mines.
  8890 | D:9      | Noticed a hill giant
  8898 | D:9      | Killed a hill giant
  9167 | D:9      | Noticed a deep elf mage
  9176 | D:9      | Killed a deep elf mage
  9176 | D:9      | Reached skill level 11 in Long Blades
  9396 | D:10     | Entered Level 10 of the Dungeon
  9553 | D:10     | Reached XP level 11. HP: 88/88 MP: 16/16
  9733 | D:10     | Noticed a hill giant
  9746 | D:10     | Killed a hill giant
  9746 | D:10     | Reached skill level 5 in Invocations
 10261 | D:10     | Noticed Erica
 10270 | D:10     | Killed Erica
 10270 | D:10     | Reached ****** piety under Okawaru
 10275 | D:10     | Found Veonil's Weapon Shop.
 10350 | D:10     | Found a staircase to the Lair.
 10506 | Lair:1   | Entered Level 1 of the Lair of Beasts
 10514 | Lair:1   | Reached skill level 5 in Armour
 10676 | Lair:1   | Received a gift from Okawaru
 11004 | Lair:1   | Noticed a six-headed hydra
 11013 | Lair:1   | Killed a three-headed hydra
 11411 | Lair:2   | Found a staircase to the Snake Pit.
 11501 | Lair:2   | Noticed CcS's ghost (journeyman MiBe)
 11518 | Lair:2   | Killed CcS's ghost
 11518 | Lair:2   | Reached skill level 12 in Long Blades
 11698 | Lair:2   | Noticed Sonja
 11713 | Lair:2   | Killed Sonja
 11713 | Lair:2   | Reached XP level 12. HP: 94/94 MP: 16/18
 11925 | Lair:2   | Reached skill level 10 in Evocations
 12517 | Lair:3   | Reached skill level 10 in Dodging
 12607 | Lair:3   | Got a warped short sword
 12990 | Lair:3   | Received a gift from Okawaru
 12991 | Lair:3   | Found a staircase to the Shoals.
 13126 | Lair:3   | Found a burning altar of Makhleb.
 13219 | Lair:3   | Identified the +7 short sword "Hellblazer" {pierce, rC++} (You found it on level 3 of the Lair of Beasts)
 14169 | Lair:5   | Noticed a five-headed hydra
 14174 | Lair:5   | Killed a two-headed hydra
 14251 | Lair:5   | Found a staircase to the Slime Pits.
 14369 | Lair:5   | Reached XP level 13. HP: 109/110 MP: 16/19
 15143 | Lair:6   | Entered Level 6 of the Lair of Beasts
 15260 | Lair:6   | Reached skill level 10 in Armour
 15640 | Lair:6   | Noticed a dire elephant
 15652 | Lair:6   | Killed a dire elephant
 15652 | Lair:6   | Received a gift from Okawaru
 15655 | Lair:6   | Got a polished ring mail {god gift}
 15675 | Lair:6   | Identified the +2 ring mail of Niv Dymi {*Contam rCorr Int-4 Stlth+} (Okawaru gifted it to you on level 6 of the Lair of Beasts)
 15692 | Lair:6   | Reached skill level 10 in Fighting
 15862 | Lair:6   | Noticed a dire elephant
 15883 | Lair:6   | Killed a dire elephant
 16077 | Lair:6   | Got a brightly glowing plate armour
 16078 | Lair:6   | Identified the cursed +1 plate armour of Haguf {rCorr MP+9 Int+3 Dex+4} (You found it on level 6 of the Lair of Beasts)
 16104 | Lair:6   | Found a burning altar of Makhleb.
 16328 | Lair:6   | Found a gateway to Hell.
 17367 | D:12     | Found Iviafrupt's Magic Scroll Shop.
 17417 | D:12     | Bought a scroll of identify for 32 gold pieces
 17417 | D:12     | Bought a scroll of identify for 32 gold pieces
 17563 | D:12     | Noticed Philosophy's ghost (novice CeHu)
 17586 | D:12     | Killed Philosophy's ghost
 17623 | D:12     | Noticed a storm dragon
 17697 | D:12     | Noticed Harold
 17709 | D:12     | Killed Harold
 17709 | D:12     | Reached skill level 13 in Long Blades
 18176 | D:12     | Reached XP level 14. HP: 113/124 MP: 20/20
 18502 | D:12     | Killed a storm dragon
 18502 | D:12     | Received a gift from Okawaru
 18670 | D:13     | Noticed Rupert
 18674 | D:13     | Paralysed by Rupert for 4 turns
 18695 | D:13     | Killed Rupert
 18695 | D:13     | Reached skill level 14 in Long Blades
 18903 | D:13     | Found Qike's Gadget Shoppe.
 18975 | D:13     | Reached skill level 15 in Long Blades
 18993 | D:13     | Found a gate to the Vaults.
 19253 | D:13     | Received a gift from Okawaru
 19800 | D:14     | Identified a scroll of acquirement
 20036 | D:6      | Bought a scroll of recharging for 114 gold pieces
 20036 | D:6      | Bought a scroll of enchant armour for 90 gold pieces
 20040 | D:6      | Bought the ring "Docko" {rElec rF+ Int+2 Dex-4} for 417 gold pieces
 20148 | Orc:1    | Entered Level 1 of the Orcish Mines
 20156 | Orc:1    | Noticed p0werm0de's ghost (journeyman OpMo)
 20182 | Orc:1    | Killed p0werm0de's ghost
 20182 | Orc:1    | Reached skill level 16 in Long Blades
 20195 | Orc:1    | Found a roughly hewn altar of Beogh.
 20372 | Orc:1    | Gained mutation: Your muscles are strong. (Str +2) [potion of mutation]
 20372 | Orc:1    | Gained mutation: You are agile. (Dex +2) [potion of mutation]
 20372 | Orc:1    | Gained mutation: You are frail. (-10% HP) [potion of mutation]
 20633 | Orc:2    | Entered Level 2 of the Orcish Mines
 20665 | Orc:2    | Found a staircase to the Elven Halls.
 20735 | Orc:2    | Noticed an orc warlord
 20766 | Orc:2    | Killed an orc warlord
 20771 | Orc:2    | Received a gift from Okawaru
 21009 | Orc:2    | Paralysed by an orc sorcerer for 6 turns
 21186 | Orc:2    | Reached skill level 17 in Long Blades
 21576 | Orc:2    | Reached XP level 15. HP: 45/116 MP: 19/21
 21838 | Orc:2    | Found Buaj's Jewellery Boutique.
 21841 | Orc:2    | Found Piodgh's Distillery.
 21842 | Orc:2    | Found Biph's Armour Boutique.
 21843 | Orc:2    | Found Muiluma's Antique Armour Boutique.
 21851 | Orc:2    | Bought a shimmering cloak for 323 gold pieces
 21862 | Orc:2    | Identified the +2 cloak of Patience {-Tele rPois rC+} (You bought it in a shop on level 2 of the Orcish Mines)
 21873 | Orc:2    | Bought the amulet of Loph {Spirit rPois rC++ rN+ Int-4} for 872 gold pieces
 22438 | D:14     | Reached skill level 18 in Long Blades
 22480 | D:14     | Found a basalt altar of Yredelemnul.
 22934 | D:15     | Entered Level 15 of the Dungeon
 23272 | D:15     | Received a gift from Okawaru
 23288 | D:15     | Reached skill level 19 in Long Blades
 23305 | D:15     | Got an ancient chain mail {god gift}
 23347 | D:15     | Identified the +1 chain mail of Okawaru's Envy {rN+ Dex+2} (Okawaru gifted it to you on level 15 of the Dungeon)
 23570 | D:15     | Found a staircase to the Depths.
 24176 | Shoals:1 | Entered Level 1 of the Shoals
 24240 | Shoals:1 | Noticed Donald
 24262 | Shoals:1 | Killed Donald
 24303 | Shoals:1 | Found an iron altar of Okawaru.
 24357 | Shoals:1 | Noticed Louise
 24365 | Shoals:1 | Cast into level 2 of the Abyss (Louise)
 24365 | Abyss:2  | Found a corrupted altar of Lugonu.
 24558 | Abyss:2  | Noticed a tentacled starspawn
 24577 | Abyss:2  | Killed a tentacled starspawn
 24590 | Abyss:2  | Noticed a bone dragon
 24640 | Abyss:2  | Killed a bone dragon
 24640 | Abyss:2  | Reached skill level 5 in Shields
 24724 | Shoals:1 | Escaped the Abyss
 24807 | Shoals:1 | Killed Louise
 25033 | Shoals:1 | Lost mutation: You are agile. (Dex +2) [potion of cure mutation]
 25033 | Shoals:1 | Lost mutation: Your muscles are strong. (Str +2) [potion of cure mutation]
 25033 | Shoals:1 | Lost mutation: You are frail. (-10% HP) [potion of cure mutation]
 25522 | Shoals:1 | Found a hazy altar of Hepliaklqana.
 25529 | Shoals:1 | Received a gift from Okawaru
 26195 | Shoals:2 | Reached XP level 16. HP: 72/137 MP: 12/22
 26220 | Shoals:2 | Reached skill level 10 in Shields
 26513 | Shoals:2 | Gained mutation: Your flesh is cold resistant. (rC+) [potion of beneficial mutation]
 27426 | Shoals:3 | Found Jyiros's Magic Scroll Boutique.
 27436 | Shoals:3 | Bought a scroll of brand weapon for 400 gold pieces
 27436 | Shoals:3 | Bought a scroll of recharging for 190 gold pieces
 27583 | Shoals:3 | Found Haruo's Weapon Shoppe.
 28267 | Shoals:4 | Entered Level 4 of the Shoals
 28316 | Shoals:4 | Noticed a kraken
 28316 | Shoals:4 | Noticed a kraken
 28316 | Shoals:4 | Noticed a kraken
 28316 | Shoals:4 | Noticed a kraken
 28469 | Shoals:4 | Received a gift from Okawaru
 28797 | Shoals:4 | Noticed Ilsuiw
 29074 | Shoals:4 | Killed Ilsuiw
 29074 | Shoals:4 | Reached skill level 15 in Fighting
 29207 | Shoals:4 | Got a heavily runed iron ring
 29213 | Shoals:4 | Noticed Nuatha's ghost (adept DrGl)
 30116 | Shoals:4 | Reached XP level 17. HP: 85/158 MP: 13/23
 30677 | Shoals:4 | Killed Nuatha's ghost
 30937 | Shoals:4 | Got a barnacled rune of Zot
 31136 | Snake:1  | Entered Level 1 of the Snake Pit
 31161 | Snake:1  | Identified the ring "Zahoh" {*Tele *Drain +Inv rElec Int-3} (You found it on level 4 of the Shoals)
 31172 | Snake:1  | Found Esing's Distillery.
 31188 | Snake:1  | Found Tadgh's Food Shoppe.
 31197 | Snake:1  | Received a gift from Okawaru
 31636 | Snake:1  | Found Yskaf's Jewellery Boutique.
 31973 | Snake:1  | Found Qoudenk's General Store.
 31982 | Snake:1  | Bought a potion of curing for 30 gold pieces
 31982 | Snake:1  | Bought a potion of invisibility for 80 gold pieces
 32047 | Snake:1  | Noticed Josephine
 32059 | Snake:1  | Killed Josephine
 32269 | Snake:2  | Noticed Agnes
 32277 | Snake:2  | Killed Agnes
 32471 | Snake:2  | Reached skill level 1 in Crossbows
 32593 | Snake:2  | Received a gift from Okawaru
 33970 | Snake:3  | Reached XP level 18. HP: 101/166 MP: 14/24
 34663 | Snake:4  | Entered Level 4 of the Snake Pit
 34700 | Snake:4  | Received a gift from Okawaru
 35169 | Snake:4  | Received a gift from Okawaru
 35842 | Snake:4  | Noticed Vashnia
 35896 | Snake:4  | Reached skill level 15 in Shields
 35935 | Snake:4  | Killed Vashnia
 36465 | Snake:4  | Got a serpentine rune of Zot
 36678 | Snake:4  | Reached skill level 10 in Invocations
 36922 | Snake:3  | Received a gift from Okawaru
 37243 | Vaults:1 | Entered Level 1 of the Vaults
 37319 | Vaults:1 | Noticed Asterion
 37378 | Vaults:1 | Killed Asterion
 37478 | Vaults:1 | Received a gift from Okawaru
 37719 | Vaults:1 | Reached XP level 19. HP: 171/172 MP: 26/26
 37810 | Vaults:1 | Noticed Aizul
 37846 | Vaults:1 | Killed Aizul
 37886 | Vaults:1 | Reached skill level 15 in Armour
 38269 | Vaults:1 | Cast into level 2 of the Abyss (a deep elf sorcerer)
 38287 | Abyss:2  | Found a viscous altar of Jiyva.
 38484 | Abyss:2  | Killed from afar by a Hell Sentinel

Vault maps used:
D:1:      shiori_arrival_elements, minmay_misc_feat_encased, minivault_14
D:2:      cheibrodos_helix_gallery
D:4:      uniq_duvessa
D:5:      first_bread, uniq_blork_the_orc
D:6:      nicolae_ru_path_of_blood, amethyst_overflow_temple_binary,
          serial_shops, nicolae_shop_crystal, shop, nicolae_shop_trees,
          gup_sewer_entry_glass
D:8:      david_nohive_1, uniq_maurice
D:9:      zombieorc2_lemuel, serial_shops, nicolae_shop_overgrown_old_shop
D:10:     grunt_lair_entry_orc_guard_hut, serial_shops, nicolae_shop_stone,
          uniq_erica
D:11:     serial_bayou, serial_bayou_lagoon_a, serial_bayou_pond_e,
          serial_bayou_pond_d, serial_bayou_pond_e, hangedman_decor_lopped
D:12:     minmay_weird_star, serial_shops,
          nicolae_shop_temple_entry_statues_fountains, kennysheep_island_fort,
          uniq_harold
D:13:     david_vaults_5, serial_shops, shop_coins, uniq_rupert
D:14:     minmay_hedge_maze, lemuel_tele_altar
D:15:     grunt_enter_depths_magical_seal, minivault_19
Temple:   compressed_dpeg_circular_temple
Lair:1:   minivault_24, serial_bayou_pond_d, infiniplex_staircase_pool_2
Lair:2:   minmay_snake_entry_six_corridors, grunt_megastairs_3, uniq_sonja
Lair:3:   minmay_shoals_entry_beasts, basic_altar
Lair:5:   minmay_slime_entry_pillars, lemuel_fruit_fields
Lair:6:   evil_forest, serial_bayou_shore_b
Shoals:1: hangedman_feature_mirror, uniq_louise, uniq_donald
Shoals:3: serial_shops, nicolae_shop_statue_plus, shop, yaktaur_hedge
Shoals:4: shoals_end_simple, shoals_ilsuiw_alternative,
          nicolae_shoals_kraken_party, uniq_ilsuiw
Snake:1:  serial_shops, shop, shop, shop, nicolae_shop_statue_plus,
          grunt_ministairs_9, nicolae_snake_squiggles, uniq_josephine
Snake:2:  uniq_agnes
Snake:3:  grunt_megastairs_5
Snake:4:  snake_pit, lemuel_fruit_tree, uniq_vashnia
Orc:1:    basic_altar
Orc:2:    st_orc_pillars
Vaults:1: nicolae_vaults_fighting_squares, nicolae_vaults_network_s,
          vaults_mumra_minichess, ontoclasm_vaults_chip, v_alt_pattern_3,
          v_misc_26, vaults_dpeg_diagonal, vaults_standard_mumra_lines,
          hangedman_vaults_locks, vaults_room_mumra_shop_pool, uniq_asterion,
          uniq_aizul
Abyss:2:  minivault_23, minivault_25
Sewer:    sewer_kobolds

Skill      XL: |  1  2  3  4  5  6  7  8  9 10 11 12 13 14 15 16 17 18 19 |
---------------+----------------------------------------------------------+-----
Maces & Flails | 4 5 |  5.9
Dodging        | 4 5 6 8 9 11 12 13 14 | 14.1
Armour         | 1 2 3 6 9 11 14 16 | 16.2
Fighting       | 4 5 8 11 16 | 16.1
Evocations     | 2 4 6 8 9 10 11 | 11.2
Long Blades    | 4 7 9 11 12 13 17 19 | 19.5
Invocations    | 4 6 7 8 10 | 10.0
Shields        | 9 11 15 | 15.1
Crossbows      | 4 |  4.8
Stealth        | |  1.7

Action                   |  1- 3 |  4- 6 |  7- 9 | 10-12 | 13-15 | 16-18 | 19-21 || total
-------------------------+-------+-------+-------+-------+-------+-------+-------++-------
Melee: Mace              |    71 |   105 |       |       |       |       |       ||   176
       Headbutt          |     7 |    16 |    40 |   178 |   414 |   485 |    79 ||  1219
       Falchion          |       |    19 |   247 |   686 |   569 |    14 |       ||  1535
       Scimitar          |       |       |       |     7 |     6 |       |       ||    13
       Short sword       |       |       |       |     7 |       |       |       ||     7
       Punch             |       |       |       |       |     4 |       |       ||     4
       Great sword       |       |       |       |       |   675 |   435 |       ||  1110
       Long sword        |       |       |       |       |   335 |   454 |       ||   789
       Quick blade       |       |       |       |       |       |  1107 |   355 ||  1462
 Fire: Shortbow          |       |       |       |     3 |       |       |       ||     3
       Arbalest          |       |       |       |       |       |     1 |       ||     1
Invok: Heroism           |       |       |     2 |     3 |    29 |    34 |     3 ||    71
       Finesse           |       |       |       |       |     7 |     8 |       ||    15
 Abil: Evoke Berserk Rag |       |       |     1 |     3 |     2 |       |       ||     6
       Evoke Blink       |       |       |     1 |       |     1 |       |       ||     2
       Evoke Flight      |       |       |       |       |    14 |    20 |       ||    34
Evoke: Wand              |       |       |     6 |    10 |    25 |    28 |     1 ||    70
       Box of beasts     |       |       |       |       |     3 |     2 |       ||     5
       Sack of spiders   |       |       |       |       |     1 |       |       ||     1
       Disc of storms    |       |       |       |       |    11 |     4 |       ||    15
       Phial of floods   |       |       |       |       |     5 |     4 |       ||     9
       Lamp of fire      |       |       |       |       |       |     7 |       ||     7
  Use: Scroll            |     2 |       |     9 |    10 |    23 |    12 |     4 ||    60
       Potion            |       |       |     4 |     4 |    13 |     7 |       ||    28
 Stab: Sleeping          |     6 |     1 |     6 |       |       |       |       ||    13
       Paralysed         |       |       |     6 |    20 |    21 |    23 |       ||    70
       Distracted        |       |       |       |       |     2 |       |       ||     2
  Eat: Chunk             |     4 |     6 |    12 |    24 |    31 |    27 |     3 ||   107
       Beef jerky        |       |       |       |     1 |     4 |       |       ||     5
       Pizza             |       |       |       |       |     1 |     2 |       ||     3
       Meat ration       |       |       |       |       |     1 |       |       ||     1
       Royal jelly       |       |       |       |       |       |     6 |       ||     6
Armor: Robe              |     5 |       |       |       |       |       |       ||     5
       Leather armour    |     1 |    25 |    31 |     4 |       |       |       ||    61
       Skin              |       |       |    65 |       |       |       |       ||    65
       Scale mail        |       |       |       |   187 |   425 |   292 |    20 ||   924
Dodge: Dodged            |    47 |   103 |   166 |   463 |  1138 |   933 |    68 ||  2918
Block: Shield            |       |       |       |       |   127 |   736 |   115 ||   978
       Reflection        |       |       |       |       |     9 |   122 |     3 ||   134
       Rpst.: Falchion   |       |     3 |    36 |    89 |    86 |     1 |       ||   215
       Great sword       |       |       |       |       |   134 |    77 |       ||   211
       Long sword        |       |       |       |       |    38 |    58 |       ||    96
